Map: Abiogênese LE

Players

quique

  • Race: Terran Terran
  • League: Silver
  • Spawn Location: 5:00

IagoAbreu - Winner!

  • Race: Zerg Zerg
  • League: Gold
  • Spawn Location: 11:00

VOD

Have the link to the VOD?

Description

Time

  • Played on: April 26, 2018, 9:07 a.m.
  • Length: 14:48
Show
View Real Time Build Order
Export as new Build Order

quique Terran 

Build Orders:  

Get SALT Encoding   

  12  0:01  SCV  
  13  0:17  SCV, Supply Depot  
  14  0:29  SCV  
  15  0:40  Barracks  
  15  0:41  SCV  
  16  0:53  SCV  
  17  1:05  SCV  
  18  1:17  SCV  
  19  1:28  Supply Depot  
  19  1:30  Command Center  
  19  1:32  Marine  
  20  1:34  SCV  
  21  1:41  Refinery  
  21  1:45  Refinery  
  21  1:46  SCV  
  22  1:50  Marine  
  23  1:58  Bunker  
  23  2:03  SCV  
  24  2:10  Marine  
  24  2:15  SCV  
  26  2:27  SCV  
  26  2:28  Marine  
  26  2:29  Supply Depot  
  26  2:39  SCV  
  26  2:46  Marine  
  27  2:51  SCV, Engineering Bay  
  27  2:57  SCV  
  29  3:04  SCV, Marine  
  31  3:09  SCV  
  32  3:15  Factory  
  28  3:55  Marine  
  28  3:56  SCV  
  28  4:00  Factory Tech Lab  
  29  4:03  SCV  
  29  4:09  SCV  
  31  4:13  Marine  
  31  4:15  SCV, Missile Turret  
  33  4:21  SCV, Siege Tank  
  37  4:30  Marine  
  38  4:37  SCV  
  37  4:48  Marine  
  37  4:49  SCV  
  37  4:51  Missile Turret  
  39  4:53  Siege Tank  
  39  4:54  SCV  
  43  5:01  SCV  
  43  5:06  SCV  
  45  5:13  SCV  
  46  5:18  SCV  
  47  5:22  Marine  
  47  5:25  SCV, Siege Tank  
  50  5:39  Marine  
  51  5:50  SCV  
  51  5:51  Missile Turret  
  52  6:00  SCV  
  52  6:03  SCV  
  54  6:07  Starport  
  54  6:19  Supply Depot  
  54  6:25  Missile Turret  
  54  6:41  Marine, SCV x2, Cyclone  
  54  6:44  Supply Depot  
  60  6:47  Missile Turret  
  60  6:53  SCV x2  
  62  7:00  Missile Turret  
  62  7:04  Armory  
  62  7:05  SCV, Starport Tech Lab  
  63  7:13  Cyclone  
  66  7:16  Sensor Tower  
  66  7:17  SCV  
  66  7:21  Supply Depot  
  66  7:22  SCV  
  69  7:30  SCV  
  69  7:34  SCV  
  70  7:38  Factory  
  70  7:42  SCV, Banshee  
  74  7:44  Supply Depot  
  74  7:45  Cyclone  
  77  7:55  SCV  
  77  7:57  Supply Depot  
  78  8:02  Missile Turret, Refinery  
  78  8:04  Refinery  
  78  8:07  SCV, Orbital Command  
  78  8:11  Supply Depot  
  79  8:17  Armory, Cyclone  
  79  8:18  Terran Vehicle Weapons Level 1  
  79  8:19  SCV  
  83  8:20  Supply Depot  
  83  8:23  Factory Tech Lab  
  83  8:25  Banshee, Factory  
  86  8:36  SCV  
  87  8:45  Supply Depot  
  87  8:47  Supply Depot  
  87  8:49  Cyclone  
  90  8:56  Command Center  
  90  8:57  Sensor Tower  
  90  8:59  Refinery  
  90  9:01  Refinery  
  90  9:11  Factory Tech Lab  
  90  9:16  Factory  
  90  9:30  Terran Vehicle And Ship Armor Level 1  
  90  9:34  Missile Turret  
  90  9:36  Supply Depot  
  90  9:37  Supply Depot  
  90  9:39  Cyclone x3  
  90  9:42  Orbital Command  
  99  9:54  Missile Turret  
  99  10:03  Factory  
  99  10:09  Supply Depot  
  99  10:11  Siege Tank  
  99  10:12  Supply Depot  
  102  10:15  Missile Turret  
  102  10:16  Planetary Fortress  
  102  10:20  Terran Vehicle Weapons Level 2  
  102  10:23  Factory Tech Lab  
  102  10:30  Cyclone  
  102  10:31  Factory  
  105  10:36  Supply Depot  
  105  10:38  Supply Depot  
  105  10:58  Factory Tech Lab  
  105  11:03  SCV  
  106  11:08  Rapid Fire Launchers  
  106  11:10  Cyclone, Siege Tank, Thor  
  118  11:15  SCV  
  119  11:22  Missile Turret  
  119  11:27  SCV  
  120  11:36  Factory Tech Lab  
  120  11:39  SCV  
  70  12:16  Cyclone x2, Siege Tank, Thor  
  70  12:17  Cyclone  
  62  12:39  Cyclone  
  64  12:48  Cyclone, Siege Tank, Thor  
  63  13:11  Cyclone  
  41  13:13  Cyclone, Siege Tank  
  46  13:44  Cyclone  
  41  14:25  Factory Tech Lab  
Show
View Real Time Build Order
Export as new Build Order

IagoAbreu Zerg - Winner!

Build Orders: Pool First 

Get SALT Encoding   

  12  0:02  Drone  
  13  0:11  Drone  
  14  0:17  Overlord  
  14  0:37  Spawning Pool  
  14  0:39  Drone  
  14  0:47  Drone x2  
  16  0:53  Drone  
  17  1:04  Evolution Chamber  
  17  1:05  Extractor  
  17  1:07  Drone  
  16  1:17  Drone  
  17  1:33  Hatchery  
  16  1:42  Zergling x2  
  16  1:46  Zergling x4  
  19  1:54  Queen  
  21  2:01  Zergling x2  
  22  2:22  Overlord x2  
  20  2:43  Zergling x4  
  22  2:56  Metabolic Boost, Zerg Melee Weapons Level 1  
  22  3:01  Drone x2  
  23  3:36  Zergling x8  
  26  3:48  Drone  
  26  3:51  Queen  
  27  3:56  Zergling x6  
  27  3:57  Zergling x2  
  31  4:08  Lair  
  31  4:14  Extractor  
  31  4:15  Drone x2  
  28  4:35  Zergling x12  
  28  4:36  Zergling x2  
  31  4:47  Zergling x4  
  31  4:48  Zergling x4  
  35  5:02  Roach Warren  
  35  5:03  Drone x2  
  36  5:07  Zerg Melee Weapons Level 2  
  36  5:19  Overlord x2  
  25  5:43  Drone  
  25  5:44  Drone x3  
  25  5:46  Drone x3  
  32  6:07  Drone x4  
  32  6:08  Drone  
  37  6:23  Roach x3  
  44  6:25  Zergling x2  
  44  6:26  Overlord  
  44  6:27  Overlord  
  44  6:42  Hatchery  
  44  6:44  Drone x2  
  45  6:51  Queen  
  47  7:05  Zergling x14  
  54  7:12  Tunneling Claws  
  54  7:50  Zergling x12  
  60  7:51  Overlord  
  60  7:52  Overlord x7  
  60  7:55  Ravager x3  
  63  8:13  Hydralisk Den  
  62  8:20  Nydus Network  
  62  8:23  Overseer  
  61  8:32  Roach x7  
  75  8:35  Roach  
  78  8:48  Drone x2  
  78  8:49  Drone  
  78  8:53  Zergling x6  
  78  8:54  Zergling x2, Hydralisk x2  
  88  8:57  Hydralisk  
  88  9:01  Ravager x3  
  93  9:30  Nydus Canal  
  93  9:40  Hydralisk x2  
  93  9:42  Roach  
  93  9:43  Zergling x6  
  93  9:44  Zergling x12  
  93  9:45  Zergling x4  
  110  9:57  Extractor  
  110  9:59  Drone  
  110  10:00  Extractor  
  109  10:11  Zerg Missile Weapons Level 1  
  109  10:21  Queen x3  
  115  10:37  Hydralisk x4  
  115  10:39  Zergling x8  
  115  10:40  Zergling x6  
  130  10:46  Overlord x3  
  130  10:47  Overlord  
  130  11:30  Hydralisk  
  130  11:31  Hydralisk x5  
  142  11:34  Zergling x8  
  142  11:35  Zergling x6  
  110  12:08  Zergling x14  
  110  12:09  Zergling x12  
  83  12:32  Drone  
  83  12:33  Drone x5  
  86  12:48  Hydralisk x2  
  86  12:49  Hydralisk  
  83  13:11  Nydus Canal  
  78  13:14  Hydralisk x3  
  78  13:15  Hydralisk x2  
  78  13:16  Zergling x6  
  78  13:17  Zergling x6  
  86  13:41  Nydus Canal  
  86  13:47  Hydralisk  
  86  13:48  Hydralisk  
  88  13:50  Zergling x8  
  88  13:51  Zergling x6  
  86  14:12  Nydus Canal  
  78  14:18  Hydralisk  
Tags
 
Add a new tag
Caveats
  • Supply blocks, unpowered buildings, or Contaminate may cause inaccurate times.
  • Supply counts are checked every 10 seconds.